 Dungeon Crawl Stone Soup version 0.29.0-4-gdea44cf6ec (webtiles) character file.

Game seed: 2992621717411039686

72 qw the Chopper (level 4, 0/26 HPs)
             Began as a Tengu Warper on Aug 28, 2022.
             Killed from afar by an orc wizard (5 damage)
             ... with a puff of flame
             ... on level 3 of the Dungeon.
             The game lasted 00:00:19 (2478 turns).

qw the Chopper (Tengu Warper)                       Turns: 2478, Time: 00:00:19

Health: 0/26       AC:  5    Str: 14    XL:     4   Next: 25%
Magic:  8/8        EV: 11    Int: 13    God:
Gold:   170        SH:  0    Dex: 13    Spells: 7/7 levels left

rFire   . . .      SeeInvis .   Y - +1 hand axe
rCold   . . .      Faith    .   (no shield)
rNeg    . . .      Spirit   .   e - +0 ring mail
rPois   .          Reflect  .   (helmet restricted)
rElec   .          Harm     .   (no cloak)
rCorr   .          Rampage  .   (no gloves)
Will    .....                   (boots unavailable)
Stlth   ..........              (no amulet)
HPRegen 0.08/turn               (no ring)
MPRegen 0.11/turn               (no ring)

@: confused
A: beak, talons 3
a: no special abilities


You were on level 3 of the Dungeon.
You visited 1 branch of the dungeon, and saw 3 of its levels.

You collected 170 gold pieces.


Innate Abilities, Weirdness & Mutations

You have a beak for a mouth.
You have claws for feet.


   Skills:
 - Level 2.0 Fighting
 + Level 4.8 Axes
 - Level 1.0 Throwing
 - Level 1.1 Armour
 - Level 2.1 Dodging
 - Level 2.0 Spellcasting
 - Level 2.4 Translocations


You had 7 spell levels left.
You didn't know any spells.
Your spell library contained the following spells:

 Spells                   Type           Power      Damage    Failure   Level
 Blink                    Tloc           14%        N/A       30%         2
 Gell's Gravitas          Tloc           7%         N/A       52%         3
 Lesser Beckoning         Tloc           7%         N/A       52%         3
 Teleport Other           Tloc           7%         N/A       52%         3
 Manifold Assault         Tloc           7%         N/A       99%         5

Inventory:

Hand Weapons
 c - a +0 flail
 Y - a +1 hand axe (weapon)
Armour
 e - a +0 ring mail (worn)
Jewellery
 g - a +4 ring of evasion
Scrolls
 a - 2 scrolls of identify
Potions
 b - a potion of ambrosia {unknown}
 d - a potion of curing {unknown}
 f - a potion of flight {unknown}
 j - a potion of heal wounds {unknown}

Dungeon Overview and Level Annotations

Branches:
Dungeon (3/15)

Altars:
Dithmenos

Shops:
D:2 :


Message History

The orc wizard points at you and mumbles some strange words.
You resist with some effort.
There is a shadowy altar of Dithmenos here.
Press < or > to pray at altars.
Press < or > to pray at altars.
Press < or > to pray at altars.
Press < or > to pray at altars.
You closely miss the orc wizard. Your kick misses the orc wizard.
You hit the orc.
The orc wizard gestures wildly while chanting.
The orc wizard flickers and vanishes!
Deactivating autopickup; reactivate with Ctrl-A.
Something hits you but does no damage. The orc hits you with a +0 dagger.
Press < or > to pray at altars.
Press < or > to pray at altars.
Press < or > to pray at altars.
Press < or > to pray at altars.
You hear some strange, mumbled words.
You are more confused.
The orc closely misses you.
You hit the orc. You claw the orc, but do no damage.
The orc is severely wounded.
You miss something.
The orc wizard mumbles some strange words.
The orc wizard flickers and vanishes!
The orc hits you with a +0 mace.
You hit the orc.
You kill the orc!
You closely miss something. Something hits you but does no damage.
A puff of flame appears from out of thin air!
The puff of flame hits something!
You're too confused to move!
Something hits you. The orc hits you but does no damage.
The orc hits you with a +0 dagger.
You hit the orc.
You kill the orc!
You completely miss something. You hit the orc.
You hear some strange, mumbled words.
A puff of flame appears from out of thin air!
The puff of flame hits you.
You die...

##.##.......### #.#.#
# #.##......[## #.#.#
#.#..##.##..# #.#.#
#.ยค...#.#....## #.#..
##..#.....#.... ......
#..##...##..######...#
#....._........ ....#
#..##{).##..### #....
#..#.@o..# .# #.#..
#....#.#.).##
#....##.##..# #.#..
... ..# #...#.......#
#.#. .##.#.## #.# #
.... # ## ##


You could see an orc.

Vanquished Creatures
  An adder (D:3)
  2 dart slugs
  6 orcs
  4 ball pythons
  3 endoplasms
  3 giant cockroaches
  3 goblins (D:1)
  7 hobgoblins
  2 quokkas
  5 bats
  3 frilled lizards (D:2)
  6 kobolds
  3 rats (D:1)
48 creatures vanquished.

Notes
Turn   | Place    | Note
-------+----------+-------------------------------------------
     0 | D:1      | qw the Tengu Warper began the quest for the Orb.
     0 | D:1      | Reached XP level 1. HP: 12/12 MP: 4/4
     0 | D:1      | 0 ||| qw: Version: 0.1-a-89-g26bdef1
     0 | D:1      | 0 ||| qw: Game counter: 3015
     0 | D:1      | 0 ||| qw: Always use a shield: true
     0 | D:1      | 0 ||| qw: God list: Okawaru
     0 | D:1      | 0 ||| qw: Allow faded altars: false
     0 | D:1      | 0 ||| qw: Do Orc after D:15 true
     0 | D:1      | 0 ||| qw: Do second Lair branch before Depths: true
     0 | D:1      | 0 ||| qw: Lair rune preference: random
     0 | D:1      | 0 ||| qw: Plans: Normal
     0 | D:1      | 0 ||| PLANNING D:1-11
    55 | D:1      | 55 ||| Stepping ~*~*~tactically~*~*~ (stealth).
   219 | D:1      | Reached XP level 2. HP: 15/17 MP: 6/6
   270 | D:1      | Reached skill level 3 in Axes
   300 | D:1      | 300 ||| UPGRADING to +0 ring mail.
   311 | D:1      | 311 ||| DROPPING +0 leather armour.
   313 | D:1      | 313 ||| DROPPING scroll of blinking.
   314 | D:1      | 314 ||| Stepping randomly (stuck).
   319 | D:1      | 319 ||| Stepping ~*~*~tactically~*~*~ (stealth).
   341 | D:1      | 341 ||| DROPPING +0 club.
   451 | D:1      | Found a faded altar of an unknown god.
   639 | D:1      | 639 ||| READING scroll labelled ETEACO IPOEN.
   643 | D:1      | 643 ||| READING scroll labelled YCWOZU HAXOVE.
   644 | D:1      | 644 ||| READING scroll labelled DUAZA KIVAMOLO.
   767 | D:1      | 767 ||| READING scroll labelled OCWOORPHUODDOU.
   768 | D:1      | 768 ||| DRINKING 2 bubbling yellow potions.
   769 | D:1      | 769 ||| DROPPING potion of attraction.
   962 | D:2      | 962 ||| Stepping randomly (stuck).
   963 | D:2      | 963 ||| Stepping randomly (stuck).
  1014 | D:2      | Reached XP level 3. HP: 21/21 MP: 7/7
  1137 | D:2      | 1137 ||| Stepping ~*~*~tactically~*~*~ (stealth).
  1138 | D:2      | 1138 ||| Stepping ~*~*~tactically~*~*~ (stealth).
  1139 | D:2      | 1139 ||| Stepping ~*~*~tactically~*~*~ (stealth).
  1152 | D:2      | Reached skill level 4 in Axes
  1402 | D:2      | Found Lota's Book Shop.
  1413 | D:2      | 1413 ||| Stepping ~*~*~tactically~*~*~ (stealth).
  1529 | D:2      | 1529 ||| READING scroll labelled FOUBE PYIV.
  1530 | D:2      | 1530 ||| Stepping randomly (stuck).
  1531 | D:2      | 1531 ||| Stepping randomly (stuck).
  1532 | D:2      | 1532 ||| Stepping randomly (stuck).
  1533 | D:2      | 1533 ||| Stepping randomly (stuck).
  1534 | D:2      | 1534 ||| Stepping randomly (stuck).
  1535 | D:2      | 1535 ||| Stepping randomly (stuck).
  1536 | D:2      | 1536 ||| Stepping randomly (stuck).
  1537 | D:2      | 1537 ||| Stepping ~*~*~tactically~*~*~ (stealth).
  1538 | D:2      | 1538 ||| Stepping randomly (stuck).
  1543 | D:2      | 1543 ||| Stepping randomly (stuck).
  1544 | D:2      | 1544 ||| Stepping randomly (stuck).
  1545 | D:2      | 1545 ||| Stepping randomly (stuck).
  1546 | D:2      | 1546 ||| Stepping randomly (stuck).
  1547 | D:2      | 1547 ||| Stepping randomly (stuck).
  1548 | D:2      | 1548 ||| Stepping randomly (stuck).
  1549 | D:2      | 1549 ||| Stepping randomly (stuck).
  1550 | D:2      | 1550 ||| Stepping randomly (stuck).
  1551 | D:2      | 1551 ||| Stepping randomly (stuck).
  1552 | D:2      | 1552 ||| Stepping randomly (stuck).
  1553 | D:2      | 1553 ||| Stepping randomly (stuck).
  1554 | D:2      | 1554 ||| Stepping randomly (stuck).
  1555 | D:2      | 1555 ||| Stepping randomly (stuck).
  1556 | D:2      | 1556 ||| Stepping randomly (stuck).
  1557 | D:2      | 1557 ||| Stepping randomly (stuck).
  1558 | D:2      | 1558 ||| Stepping randomly (stuck).
  1559 | D:2      | 1559 ||| Stepping randomly (stuck).
  1560 | D:2      | 1560 ||| Stepping randomly (stuck).
  1561 | D:2      | 1561 ||| Stepping randomly (stuck).
  1562 | D:2      | 1562 ||| Stepping randomly (stuck).
  1563 | D:2      | 1563 ||| Stepping randomly (stuck).
  1564 | D:2      | 1564 ||| Stepping randomly (stuck).
  1565 | D:2      | 1565 ||| Stepping randomly (stuck).
  1566 | D:2      | 1566 ||| Stepping randomly (stuck).
  1567 | D:2      | 1567 ||| Stepping randomly (stuck).
  1568 | D:2      | 1568 ||| Stepping randomly (stuck).
  1569 | D:2      | 1569 ||| Stepping randomly (stuck).
  1570 | D:2      | 1570 ||| Stepping randomly (stuck).
  1571 | D:2      | 1571 ||| Stepping randomly (stuck).
  1572 | D:2      | 1572 ||| Stepping randomly (stuck).
  1573 | D:2      | 1573 ||| Stepping randomly (stuck).
  1574 | D:2      | 1574 ||| Stepping randomly (stuck).
  1575 | D:2      | 1575 ||| Stepping randomly (stuck).
  1576 | D:2      | 1576 ||| Stepping randomly (stuck).
  1577 | D:2      | 1577 ||| Stepping randomly (stuck).
  1578 | D:2      | 1578 ||| Stepping randomly (stuck).
  1579 | D:2      | 1579 ||| Stepping randomly (stuck).
  1580 | D:2      | 1580 ||| Stepping randomly (stuck).
  1581 | D:2      | 1581 ||| Stepping randomly (stuck).
  1582 | D:2      | 1582 ||| Stepping randomly (stuck).
  1583 | D:2      | 1583 ||| Stepping randomly (stuck).
  1584 | D:2      | 1584 ||| Stepping randomly (stuck).
  1585 | D:2      | 1585 ||| Stepping randomly (stuck).
  1586 | D:2      | 1586 ||| Stepping randomly (stuck).
  2003 | D:3      | 2003 ||| STAIRDANCE
  2162 | D:3      | 2162 ||| STAIRDANCE
  2367 | D:3      | Reached XP level 4. HP: 26/26 MP: 8/8
  2383 | D:3      | Found a shadowy altar of Dithmenos.
  2455 | D:3      | 2455 ||| Stepping ~*~*~tactically~*~*~ (hiding).
  2477 | D:3      | HP: 5/26 [orc/+0 dagger (3)]
  2478 | D:3      | Killed from afar by an orc wizard

Levels and vault maps discovered:
D:1:      dpeg_arrival_leaves_temple_mockup, layout_rooms,
          chequers_ecumenical_altar_simple, nicolae_kite_square_tiling_tiny
D:2:      layout_loops_cross, serial_shops, nicolae_shop_advertising_works
          [nicolae_subvault_shop_adworks], serial_co_window_serial,
          co_window_of_opportunity_a, co_window_paths_a, co_window_corner_a,
          co_window_corner_a, co_window_paths_a, co_window_2corner,
          co_window_of_opportunity_c, co_window_of_opportunity_b,
          co_window_broadway_c, co_window_cross_4, glass_columns_a,
          glass_columns_b, glass_columns_a, glass_columns_c
D:3:      kennysheep_goblin_castle, layout_loops_ring,
          mainiacjoe_overflow_small_starburst,
          mainiacjoe_overflow_six_doors_small,
          nicolae_hepliaklqana_monster_ancestors, uniq_grinder, uniq_jessica

Skill      XL: |  1  2  3 |
---------------+----------+-----
Axes           | 3 4 |  4.8
Fighting       | |  2.0
Throwing       | |  1.0
Armour         | |  1.1
Dodging        | |  2.1
Spellcasting   | |  2.0
Translocations | |  2.4

Action                   |  1- 3 |  4- 6 || total
-------------------------+-------+-------++-------
Melee: Hand axe          |    87 |    18 ||   105
       Kick              |    22 |     3 ||    25
       Peck              |     8 |     2 ||    10
Throw: Boomerang         |     7 |       ||     7
  Use: Scroll            |     5 |       ||     5
       Potion            |     1 |       ||     1
Armor: Leather armour    |     2 |       ||     2
       Ring mail         |    21 |     9 ||    30
Dodge: Dodged            |    36 |    16 ||    52

Table legend:
 A = Non-vault XP
 B = Vault XP
 C = Vault XP percentage of total XP
 D = Non-vault monster count
 E = Vault monster count
 F = Vault count percentage of total count
                 A         B        C        D         E       F
            +---------+---------+-------+---------+---------+-------
      Total |     106 |       0 |   0.0 |      48 |       0 |   0.0
            +---------+---------+-------+---------+---------+-------
        D:1 |      23 |       0 |   0.0 |      15 |       0 |   0.0
        D:2 |      50 |       0 |   0.0 |      25 |       0 |   0.0
        D:3 |      33 |       0 |   0.0 |       8 |       0 |   0.0
            +---------+---------+-------+---------+---------+-------
